 Dungeon Crawl Stone Soup version 0.29-a0-334-gb41bcbb86e (webtiles) character file.

Game seed: 17856332210295769284

93 Jortsu the Covered (level 4, 0/29 HPs)
             Began as a Gargoyle Fighter on Apr 15, 2022.
             Slain by an ogre
             ... wielding a +0 giant club
              (28 damage)
             ... on level 3 of the Dungeon.
             The game lasted 00:03:10 (2623 turns).

Jortsu the Covered (Gargoyle Fighter)               Turns: 2623, Time: 00:03:10

Health: 0/29       AC: 10    Str: 22    XL:     4   Next: 62%
Magic:  4/4        EV: 24    Int:  8    God:
Gold:   190        SH:  5    Dex:  9    Spells: 3/3 levels left

rFire   . . .      SeeInvis .   a - +0 flail
rCold   . . .      Faith    .   c - +1 buckler
rNeg    + . .      Spirit   .   b - +0 scale mail
rPois   ∞          Reflect  .   (no helmet)
rElec   +          Harm     .   (no cloak)
rCorr   .          Rampage  .   (no gloves)
Will    .....                   (no boots)
Stlth   ..........              i - amulet of the acrobat
HPRegen 0.09/turn               (no ring)
MPRegen 0.09/turn               (no ring)

@: acrobatic
A: sickness immunity, AC +3, negative energy resistance 1, electricity
resistance, torment resistance 1, petrification resistance
a: no special abilities


You were on level 3 of the Dungeon.
You visited 1 branch of the dungeon, and saw 3 of its levels.

You collected 190 gold pieces.

Inventory:

Hand Weapons
 a - a +0 flail (weapon)
Armour
 b - a +0 scale mail (worn)
 c - a +1 buckler (worn)
Jewellery
 i - an amulet of the acrobat (around neck)
 p - an amulet of faith
Scrolls
 q - 2 scrolls of teleportation
Potions
 d - a potion of might
 f - 2 potions of heal wounds
 g - 3 potions of attraction
 h - a potion of berserk rage {unknown}
 j - a potion of flight {unknown}
 k - a potion of ambrosia {unknown}
 l - a potion of curing {unknown}
 m - a potion of invisibility {unknown}
 n - a potion of degeneration {unknown}
 o - a potion of cancellation {unknown}


   Skills:
 + Level 3.8 Fighting
 + Level 3.0 Maces & Flails
 + Level 4.2 Armour
 + Level 0.7 Dodging
 + Level 3.6 Shields


You had 3 spell levels left.
You didn't know any spells.
Your spell library contained the following spells:

 Spells                   Type           Power      Damage    Failure   Level
 Animate Skeleton         Necr           0%         N/A       82%         1
 Apportation              Tloc           0%         N/A       82%         1
 Summon Small Mammal      Summ           0%         N/A       82%         1
 Ozocubu's Armour         Ice            0%         N/A       99%         3
 Ozocubu's Refrigeration  Ice            0%         4d5       100%        7


Dungeon Overview and Level Annotations

Branches:
Dungeon (3/15)

Altars:
Uskayaw


Innate Abilities, Weirdness & Mutations

You are immune to sickness and miasma.
Your stone body is resilient. (AC +3)
You are immune to poison.
You resist negative energy. (rN+)
You are resistant to electric shocks. (rElec)
You are resistant to unholy torment.
You are immune to petrification.


Message History

The goblin is severely wounded.
The goblin barely misses you. x2
You miss the goblin.
The goblin is severely wounded.
The goblin unwields a +0 hunting sling.
The goblin wields a +0 dagger.
You block the goblin's attack. The goblin hits you with a +0 dagger.
You sock the goblin!
You kill the goblin!
The goblin hits you but does no damage.
A gnoll comes into view. It is wielding a +0 flail.
The goblin closely misses you.
The gnoll shouts!
You sock the goblin!
You kill the goblin!
You hear an angry hiss.
An ogre comes into view. It is wielding a +0 giant club.
The ogre shouts!
You hear a shout!
Things that are here:
a +0 dagger; a +0 hunting sling; a goblin corpse A gnoll comes into view.
It is wielding a +0 spear.
The gnoll shouts!
A frilled lizard comes into view.
A gnoll comes into view.
It is wielding a +0 spear and quivering poisoned darts.
A gnoll comes into view. It is wielding a +0 spear.
The gnoll shouts!
You sock the gnoll!
The gnoll is severely wounded.
The gnoll completely misses you.
You sock the gnoll!
You kill the gnoll!
The gnoll throws a poisoned dart.
The poisoned dart closely misses you.
A goblin comes into view. It is wielding a +0 dagger.
Your Maces & Flails skill increases to level 3!
A rat comes into view.
Found a dagger.
The goblin shouts!
The gnoll barely misses you. x2
The ogre hits you with a +0 giant club!!
Ouch! That really hurt!
You die...

...... ...........##. ......
#.......)..... ......
##............. ......
...........r.. ......
#..........##. ......
#.....gg.g..... ......
#......g......# .#....
#.....@l...... .....
###....O....## ##...
#........... ##..
###..))....### ....
#.........######## ####
###............... ....
#######......#......# ###
.......†............# #
.....#####..##......########


You could see an ogre, 3 gnolls, a goblin, a frilled lizard and a rat.

Vanquished Creatures
  A gnoll (D:3)
  2 adders (D:3)
  A worm (D:2)
  2 dart slugs
  2 ball pythons
  3 bats
  5 endoplasms
  4 giant cockroaches
  7 goblins
  7 hobgoblins
  4 jackals (D:1)
  A quokka (D:1)
  4 frilled lizards
  2 kobolds (D:1)
  9 rats
54 creatures vanquished.

Notes
Turn   | Place    | Note
-------+----------+-------------------------------------------
     0 | D:1      | Jortsu the Gargoyle Fighter began the quest for the Orb.
     0 | D:1      | Reached XP level 1. HP: 14/14 MP: 1/1
   283 | D:1      | Reached XP level 2. HP: 19/19 MP: 2/2
   763 | D:1      | Reached XP level 3. HP: 23/23 MP: 3/3
   767 | D:1      | Found a faded altar of an unknown god.
   772 | D:1      | Prayed at the altar of an unknown god.
   772 | D:1      | Became a worshipper of Uskayaw the Reveller
   772 | D:1      | Reached * piety under Uskayaw
   773 | D:1      | Fell from the grace of Uskayaw
  1742 | D:2      | Reached skill level 4 in Armour
  1974 | D:2      | Reached XP level 4. HP: 27/29 MP: 4/4
  2618 | D:3      | Noticed an ogre
  2623 | D:3      | Slain by an ogre

Illustrated notes

Levels and vault maps discovered:
D:1:      dpeg_arrival_rooms_with_view, layout_rooms,
          ebering_ecumenical_altar_abandoned, serial_co_window_serial,
          co_window_corner_a, co_window_paths_b, co_window_paths_a,
          co_window_corner_a, co_window_of_opportunity_a, co_window_corner_a,
          co_window_of_opportunity_c, co_window_broadway_a, co_window_paths_c,
          co_window_broadway_a, co_window_2corner, co_window_corner_b,
          co_window_broadway_b, co_window_paths_e, glass_columns_c,
          glass_columns_b, glass_columns_b, glass_columns_c, glass_columns_c
D:2:      layout_loops_ring, grunt_ministairs_10, minmay_bisected
D:3:      layout_rooms, serial_shops, nicolae_diamond_shop, minmay_ogre_servants

Skill      XL: |  1  2  3  4 |
---------------+-------------+-----
Armour         | 4 |  4.2
Maces & Flails | 3 |  3.0
Fighting       | |  3.8
Dodging        | |  0.7
Shields        | |  3.6

Action                   |  1- 3 |  4- 6 || total
-------------------------+-------+-------++-------
Melee: Flail             |   133 |    25 ||   158
Invok: Renounce Religion |     1 |       ||     1
  Use: Scroll            |     5 |     1 ||     6
Armor: Scale mail        |    67 |    10 ||    77
Dodge: Dodged            |    68 |    22 ||    90
Block: Buckler           |    32 |     7 ||    39

Table legend: (Time is in decaauts)
 A = Elapsed time spent in this place.
 B = Non-inter-level travel time spent in this place.
 C = Inter-level travel time spent in this place.
 D = Time resting spent in this place.
 E = Time spent auto-exploring this place.
 F = Levels seen in this place.
 G = Mean time per level.
                   A        B        C        D        E       F      G
               +--------+--------+--------+--------+--------+-----+--------+
         Total |   2672 |   2629 |     43 |    272 |   1883 |   3 |  890.7 |
       Dungeon |   2672 |   2629 |     43 |    272 |   1883 |   3 |  890.7 |
               +--------+--------+--------+--------+--------+-----+--------+

Top non-repeatable levels by time:
     D:1: 1631 daAuts
     D:2: 822 daAuts
     D:3: 219 daAuts
